AoeStats
← b站江条

Arabia

508264217Analyzed
1v1 RM · 10d ago on Sep 21, 2026· 46m 34s· 2 players
Game mode
Random Map
Map size
Tiny (2 player)
Population
200
Speed
Normal
Resources
Standard
Victory
Conquest
Starting age
Dark Age
Ending age
Imperial Age
RankedLock teamsTeams togetherTeam positionsShared explorationLock speedFull tech treeHidden civsTurbo modeCheats
Victory
Defeat
🇨🇳 Maya · China
1457
+15
🇺🇸 Wei · United States
1438
-15
RTH
7:33 Loom
10:08 Feudal Age
10:21 Man-at-Arms
11:55 Double-Bit Axe
18:45 Stone Mining
24:47 Castle Age
23:40 Gold Mining
24:29 Scale Barding Armor
24:34 Forging
27:56 Bloodlines
29:14 Chain Barding Armor
30:46 Scale Mail Armor
33:26 Iron Casting
38:16 Gold Shaft Mining
37:34 Horse Collar
38:08 Bow Saw
40:42 Wheelbarrow
43:36 Imperial Age
43:17 Stone Shaft Mining
46:00 Blast Furnace
45:14 Heavy Plow
46:11 Elite Tiger Cavalry
b站江条
0:25 Loom
9:09 Feudal Age
10:10 Double-Bit Axe
10:18 Town Watch
15:43 Fletching
17:56 Horse Collar
23:22 Castle Age
22:07 Padded Archer Armor
23:26 Crossbowman
24:15 Bodkin Arrow
24:27 Gold Mining
26:31 Heavy Plow
28:40 Wheelbarrow
31:09 Ballistics
34:11 Imperial Age
31:54 Thumb Ring
32:34 Stone Mining
35:03 Bracer
40:22 Conscription
40:48 Arbalester
44:00 Chemistry
46:21 Guilds
46:23 Bow Saw
Connection lost

Rejoining the realm…

Still unreachable

The connection could not be restored.

Session expired

The server has moved on; the page needs a fresh start.